Map: Korhal Carnage Knockout LE

Players

Paxtonn - Winner!

  • Race: Zerg Zerg
  • League: Bronze

JBDOT

  • Race: Terran Terran
  • League: Silver

VOD

Have the link to the VOD?

Description

Time

  • Played on: April 11, 2016, 10:23 p.m.
  • Length: 15:33
Show
View Real Time Build Order
Export as new Build Order

Paxtonn Zerg - Winner!

Build Orders: Hatch First, Lurkers 

Get SALT Encoding   

  12  0:01  Drone  
  13  0:09  Drone  
  14  0:20  Overlord  
  14  0:39  Drone x3  
  17  1:00  Hatchery  
  17  1:01  Drone  
  17  1:02  Drone  
  18  1:15  Spawning Pool  
  17  1:18  Extractor  
  17  1:19  Drone  
  17  1:31  Drone  
  18  1:33  Drone  
  19  1:46  Extractor, Drone  
  19  1:56  Drone  
  20  2:03  Queen  
  22  2:14  Evolution Chamber  
  21  2:15  Evolution Chamber  
  21  2:16  Drone  
  21  2:17  Drone  
  21  2:19  Queen, Drone  
  25  2:28  Metabolic Boost  
  25  2:32  Drone  
  26  2:37  Drone  
  26  2:40  Drone  
  28  3:10  Hatchery  
  27  3:14  Overlord  
  27  3:19  Drone  
  28  3:23  Extractor  
  28  3:25  Zerg Melee Weapons Level 1  
  27  3:32  Zerg Ground Armor Level 1  
  27  3:37  Zergling x2  
  27  3:38  Zergling x4  
  30  3:42  Drone  
  30  3:43  Drone  
  32  3:51  Drone  
  32  3:52  Zergling x4  
  35  3:56  Drone  
  36  4:03  Overlord  
  36  4:05  Overlord  
  36  4:16  Spore Crawler  
  35  4:18  Spore Crawler  
  35  4:22  Spore Crawler  
  33  4:24  Spore Crawler  
  33  4:29  Spore Crawler  
  33  4:30  Drone  
  32  4:33  Drone  
  32  4:36  Drone  
  34  4:39  Drone  
  35  4:48  Drone x3  
  35  4:51  Zergling x2  
  39  4:59  Lair  
  39  5:02  Drone  
  39  5:05  Drone  
  41  5:07  Drone  
  41  5:10  Drone  
  43  5:33  Drone x2, Zergling x6  
  48  5:38  Drone x3  
  48  5:39  Queen  
  53  5:45  Drone  
  53  5:48  Drone x4  
  53  5:49  Overlord  
  58  5:58  Extractor, Drone  
  58  6:23  Drone x5  
  54  7:02  Zergling x8  
  54  7:03  Zergling x10  
  54  7:06  Zergling x6  
  54  7:08  Overlord x3  
  66  7:20  Hydralisk Den  
  66  7:22  Spire  
  64  7:40  Drone x3  
  67  7:48  Infestation Pit  
  66  7:52  Zergling x2  
  66  7:53  Hydralisk, Zergling x6  
  72  8:01  Drone x6  
  79  8:12  Zergling x2  
  79  8:13  Zergling x6  
  79  8:16  Overlord  
  79  8:17  Overlord  
  62  8:42  Hydralisk x2, Mutalisk x2  
  62  8:43  Mutalisk x2  
  67  9:13  Drone  
  67  9:14  Mutalisk x3, Drone x2  
  67  9:16  Zergling x8  
  80  9:23  Hydralisk Den  
  79  9:25  Zerg Flyer Weapons Level 1  
  79  9:28  Hive  
  79  9:35  Hatchery  
  78  9:50  Drone x2  
  78  9:51  Zergling x2  
  81  9:53  Hydralisk x3  
  81  9:55  Lurker Den  
  87  10:05  Queen  
  89  10:26  Zerg Missile Weapons Level 1  
  89  10:30  Zerg Melee Weapons Level 2  
  89  10:33  Hydralisk  
  91  10:36  Overlord x2  
  72  11:09  Drone x3  
  75  11:18  Ultralisk Cavern  
  74  11:19  Zerg Flyer Armor Level 1  
  74  11:26  Hydralisk x4  
  74  11:27  Hydralisk  
  84  11:37  Extractor  
  83  11:50  Drone x6  
  89  11:54  Extractor  
  89  11:56  Extractor, Lurker x2  
  89  12:04  Zergling x6  
  89  12:06  Zergling x12  
  89  12:07  Zergling x2  
  99  12:09  Zergling x2  
  99  12:15  Queen  
  100  12:20  Zerg Ground Armor Level 2  
  102  12:31  Ultralisk  
  105  13:07  Lurker x3  
  108  13:15  Zergling x6  
  108  13:16  Zergling x4  
  108  13:18  Overlord x3  
  113  13:34  Overlord  
  113  13:35  Overlord  
  113  13:36  Zergling x8  
  113  13:37  Zergling x6  
  120  13:43  Ultralisk  
  126  13:51  Mutalisk x2  
  130  14:09  Mutalisk x3  
  136  14:13  Hydralisk  
  136  14:15  Hydralisk  
  136  14:16  Zergling x2  
  136  14:17  Zergling x2  
  142  14:18  Zergling x6  
  142  14:19  Zergling x2  
  142  14:21  Zergling x8  
Show
View Real Time Build Order
Export as new Build Order

JBDOT Terran 

Build Orders:  

Get SALT Encoding   

  12  0:01  SCV  
  13  0:17  SCV  
  14  0:26  Supply Depot  
  14  0:29  SCV  
  15  0:48  SCV  
  16  0:50  Barracks  
  16  0:52  Refinery  
  16  1:02  SCV  
  17  1:15  SCV  
  18  1:28  SCV  
  19  1:37  Marine  
  20  1:46  SCV, Supply Depot  
  21  1:58  Marine  
  22  2:13  Factory  
  22  2:19  Barracks  
  22  2:20  Barracks Tech Lab  
  22  2:34  Orbital Command  
  22  2:39  Refinery  
  22  2:41  Engineering Bay  
  22  2:43  Marine  
  23  2:45  Barracks  
  23  3:01  Marine  
  24  3:08  Bunker  
  24  3:13  Factory Tech Lab  
  24  3:15  Barracks Reactor  
  24  3:18  SCV  
  25  3:27  Starport  
  25  3:30  SCV  
  26  3:51  SCV  
  26  3:53  Marine  
  28  3:57  Marine x2  
  30  4:05  Supply Depot  
  30  4:07  SCV  
  31  4:20  Barracks Reactor  
  31  4:27  Supply Depot  
  31  4:31  Supply Depot, Marine  
  32  4:34  Widow Mine  
  34  4:46  SCV  
  34  4:48  Marine x3  
  34  4:50  Starport Reactor  
  38  4:54  Command Center  
  38  4:59  Marine  
  39  5:01  Stimpack  
  41  5:16  Hellion  
  41  5:17  Marine  
  42  5:36  Medivac  
  42  5:37  Hellion, Medivac  
  48  5:46  Marine x2  
  48  5:47  Marine  
  48  5:48  Marauder  
  53  5:50  SCV  
  53  5:55  Supply Depot  
  54  6:07  Siege Tank  
  54  6:09  Marauder  
  59  6:30  Marine x4  
  63  6:42  Siege Tank  
  64  7:24  SCV  
  65  7:30  Marine x4  
  65  7:31  Marine  
  65  7:36  Barracks  
  70  7:39  Barracks  
  70  7:50  Marine x3  
  70  7:51  Marine, Marauder  
  75  7:54  Supply Depot  
  76  7:59  Supply Depot  
  76  8:08  Marine x2  
  78  8:15  Marine x2  
  78  8:16  Marauder  
  82  8:25  Marine  
  80  8:28  Marine  
  80  8:31  Siege Tank  
  80  8:33  Marine x2  
  83  8:37  Marine  
  84  8:53  Marine x4  
  84  8:55  Marauder  
  90  8:58  SCV  
  88  9:03  Siege Tank  
  79  9:17  Marauder  
  81  9:20  Medivac  
  81  9:21  Medivac  
  85  9:25  SCV  
  86  9:32  Supply Depot  
  86  9:44  Barracks Reactor  
  86  9:49  Barracks Reactor  
  86  9:50  Supply Depot  
  86  9:54  Medivac, Starport  
  88  10:11  Marine x5  
  93  10:25  Marine x3  
  96  10:33  Orbital Command  
  69  11:02  Marine  
  69  11:03  Marine x4  
  65  11:13  Factory  
  65  11:14  Medivac x2  
  65  11:18  SCV  
  70  11:26  Marine x4  
  74  11:33  Terran Infantry Weapons Level 1  
  74  11:35  Combat Shields  
  74  11:47  Refinery  
  74  11:49  Refinery  
  74  12:15  Medivac x2  
  78  12:16  Marine x5  
  83  12:33  Marine x2  
  83  13:02  SCV x2  
  85  13:11  Command Center  
  85  13:12  Supply Depot  
  85  13:14  Starport Tech Lab  
  85  13:19  Factory Tech Lab  
  85  13:20  Siege Tank  
  85  13:22  Marine  
  85  13:23  Marauder, Marine x2  
  85  13:26  Concussive Shells  
  93  13:35  Raven  
  93  13:38  Marine x2  
  93  13:41  SCV  
  98  13:45  Marauder  
  98  13:48  Supply Depot  
  100  13:53  Siege Tank  
  103  14:06  Marauder  
  103  14:08  Medivac  
  107  14:18  Medivac  
  109  14:28  Marauder  
  111  14:41  Ghost Academy  
  109  14:57  SCV  
  110  15:01  Marine x3  
  113  15:07  Armory  
  113  15:11  Engineering Bay  
Tags
 
Add a new tag
Caveats
  • Supply blocks, unpowered buildings, or Contaminate may cause inaccurate times.
  • Supply counts are checked every 10 seconds.